 Dungeon Crawl Stone Soup version 0.27-a0-538-g15ff5c5295 (webtiles) character file.

Game seed: 8433403243960231207

478 srzhan31 the Conjurer (level 7, 0/40 HPs)
             Began as a Gargoyle Conjurer on Mar 6, 2021.
             Slain by a phantom (5 damage)
             ... on level 5 of the Dungeon.
             The game lasted 00:18:24 (3327 turns).

srzhan31 the Conjurer (Gargoyle Conjurer)           Turns: 3327, Time: 00:18:25

Health: 0/40       AC:  6    Str: 10    XL:     7   Next: 11%
Magic:  2/11       EV: 16    Int: 21    God:
Gold:   165        SH:  0    Dex:  8    Spells: 8/11 levels left

rFire    . . .     SeeInvis .   g - +0 mace
rCold    . . .     Faith    .   (no shield)
rNeg     + . .     Spirit   .   (no armour)
rPois    ∞         Reflect  .   o - +2 hat
rElec    +         Harm     .   (no cloak)
rCorr    .         Rampage  .   (no gloves)
Will     .....                  (no boots)
Stlth    ++........             (no amulet)
HPRegen  0.13/turn              y - +4 ring of evasion
MPRegen  0.12/turn              (no ring)

@: no status effects
A: negative energy resistance 1, electricity resistance, torment resistance 1,
unbreathing 1, petrification resistance, AC +4
a: no special abilities


You were on level 5 of the Dungeon.
You visited 2 branches of the dungeon, and saw 5 of its levels.

You collected 165 gold pieces.

Inventory:

Hand Weapons
 e - a +0 dagger of speed
 g - a +0 mace (weapon)
 w - a +0 flail
Missiles
 f - 88 stones
 i - 16 poisoned darts
Armour
 a - a +0 robe
 m - a +0 buckler
 o - a +2 hat (worn)
 r - a +1 chain mail of cold resistance
 x - a +0 robe of positive energy
Jewellery
 y - a +4 ring of evasion (left hand)
Wands
 t - a wand of random effects (18)
Scrolls
 b - a scroll of random uselessness {unknown}
 h - 5 scrolls of identify
 l - 2 scrolls of fog
 p - a scroll of amnesia {unknown}
 q - 2 scrolls of teleportation {unknown}
 s - a scroll of silence {unknown}
Potions
 c - a potion of attraction {unknown}
 d - 2 potions of curing
 j - a potion of brilliance {unknown}
 k - a potion of berserk rage {unknown}
 n - 2 potions of mutation {unknown}
 u - a potion of invisibility {unknown}
 v - a potion of might {unknown}


   Skills:
 * Level 2.2 Fighting
 * Level 2.5 Maces & Flails
 * Level 2.1 Armour
 * Level 2.1 Dodging
 * Level 3.6 Stealth
 * Level 1.9 Shields
 * Level 2.8 Spellcasting
 * Level 6.0 Conjurations


You had 8 spell levels left.
You knew the following spells:

 Your Spells              Type           Power      Damage    Failure   Level
a - Magic Dart            Conj           100%       1d8       1%          1
b - Searing Ray           Conj           56%        3d5       1%          2

Your spell library contained the following spells:

 Spells                   Type           Power      Damage    Failure   Level
 Dazzling Flash           Conj/Hex       30%        N/A       12%         3
 Fulminant Prism          Conj/Hex       7%         3d7       36%         4
 Iskenderun's Mystic Bla  Conj/Tloc      15%        2d5       36%         4


Dungeon Overview and Level Annotations

Branches:
Dungeon (5/15)             Temple (1/1) D:5

Altars:
Ashenzari
Cheibriados
Elyvilon
Fedhas
Gozag
Kikubaaqudgha
Makhleb
Nemelex Xobeh
Qazlal
Trog
Yredelemnul


Innate Abilities, Weirdness & Mutations

Your stone body is resilient. (AC +4)
You are immune to poison.
You resist negative energy. (rN+)
You are resistant to electric shocks. (rElec)
You are resistance to unholy torment.
You can survive without breathing.
You are immune to petrification.


Message History

The gnoll is severely wounded.
The gnoll closely misses you.
You hit the gnoll.
The gnoll is severely wounded.
The gnoll zaps a wand.
The puff of flame hits you.
* * * LOW HITPOINT WARNING * * *
The phantom hits you but does no damage.
The gnoll barely misses you.
You hit the gnoll.
You kill the gnoll!
The phantom hits you.
* * * LOW HITPOINT WARNING * * *
The phantom blinks!
You blink.
Casting: Searing Ray (safe; 1% risk of failure)
Confirm with . or Enter, or press ? or * to list all spells.
You don't have enough magic to cast this spell.
The phantom barely misses you.
Casting: Searing Ray (safe; 1% risk of failure)
Confirm with . or Enter, or press ? or * to list all spells.
Aiming: Searing Ray (safe; 1% risk of failure)
Press: ? - help, Shift-Dir - straight line, f - phantom
Aim: a phantom (29% to evade)
The searing ray hits the phantom!
The phantom is moderately damaged. (Press . to maintain the ray.)
The phantom closely misses you.
The searing ray hits the phantom!
The phantom is severely damaged.
The phantom hits you.
* * * LOW HITPOINT WARNING * * *
The searing ray hits the phantom.
The phantom is severely damaged.
The phantom hits you.
* * * LOW HITPOINT WARNING * * *
The phantom blinks!
You blink.
The phantom closely misses you.
You closely miss the phantom.
The phantom is severely damaged.
The phantom hits you.
You die...

#.#.##.#
#.###.######....
###.##.# #.# #.# #..#
#.##.# #.# #.# #..#
#.##.#
#.###.#######..####
#.####
#..................
#.#
#####....).........
#.# #########..####
#.#
################..####
###
#.§.W@................
#################.####
#.# #.# ###


You could see a phantom.

Vanquished Creatures
  An ogre (D:5)
  A howler monkey (D:5)
  A jelly (D:5)
  An orc priest (D:5)
  Jessica (D:3)
  2 orc wizards
  A hound zombie (D:5)
  8 adders
  4 gnolls (D:5)
  3 oozes
  3 worms (D:2)
  A dart slug (D:2)
  4 leopard geckos
  8 orcs
  2 giant cockroaches (D:2)
  8 goblins
  7 hobgoblins
  5 quokkas
  A ball python (D:3)
  7 bats
  4 frilled lizards
  5 kobolds
  3 rats
81 creatures vanquished.

Notes
Turn   | Place    | Note
-------+----------+-------------------------------------------
     0 | D:1      | srzhan31 the Gargoyle Conjurer began the quest for the Orb.
     0 | D:1      | Reached XP level 1. HP: 10/10 MP: 3/3
   251 | D:1      | Reached XP level 2. HP: 7/16 MP: 1/5
   298 | D:1      | Learned a level 2 spell: Searing Ray
   431 | D:1      | Reached skill level 1 in Fighting
   747 | D:1      | Reached skill level 5 in Conjurations
   833 | D:2      | Reached skill level 1 in Armour
   833 | D:2      | Reached XP level 3. HP: 20/20 MP: 3/6
  1367 | D:2      | Found a faded altar of an unknown god.
  1621 | D:2      | Reached XP level 4. HP: 25/25 MP: 1/7
  2031 | D:3      | Reached XP level 5. HP: 29/29 MP: 4/8
  2048 | D:3      | Reached skill level 1 in Maces & Flails
  2055 | D:3      | Noticed Jessica
  2059 | D:3      | Killed Jessica
  2096 | D:3      | Noticed an orc warrior
  2360 | D:3      | Reached skill level 1 in Shields
  2390 | D:3      | You fall into a shaft and drop 2 floors!
  2390 | D:5      | Entered Level 5 of the Dungeon
  2452 | D:5      | Found a stormy altar of Qazlal.
  2557 | D:5      | Found a staircase to the Ecumenical Temple.
  2568 | Temple   | Entered the Ecumenical Temple
  2869 | D:5      | Reached XP level 6. HP: 33/35 MP: 4/9
  3191 | D:5      | Reached XP level 7. HP: 14/40 MP: 0/11
  3245 | D:5      | Reached skill level 6 in Conjurations
  3327 | D:5      | Slain by a phantom

Illustrated notes

Levels and vault maps discovered:
D:1:      psy_arrival_radial01, layout_loops_ring
D:2:      layout_basic, chequers_ecumenical_altar_simple_redux, serial_forest,
          infiniplex_forest_lined_2, infiniplex_forest_clump_tiny,
          infiniplex_forest_lined_room_2, infiniplex_forest_zigzag_1,
          infiniplex_forest_clump_long, infiniplex_forest_clump_long,
          infiniplex_forest_zigzag_1, infiniplex_forest_lined_2,
          infiniplex_forest_clump_large, infiniplex_forest_lined_2, minivault_4
D:3:      layout_rooms, nzn_wu_jian_contemplation, uniq_grinder, uniq_robin,
          uniq_jessica
D:5:      minmay_inner_zag, layout_basic, nicolae_overflow_hidden_temple,
          kennysheep_mini_moat, minmay_temple_entry_waves, serial_glass,
          glass_columns_a, glass_columns_a, glass_columns_a
Temple:   dpeg_three_leaves_temple

Skill      XL: |  1  2  3  4  5  6  7 |
---------------+----------------------+-----
Fighting       | 1 2 |  2.2
Conjurations   | 5 6 |  6.0
Armour         | 1 2 |  2.1
Maces & Flails | 1 2 |  2.5
Shields        | 1 |  1.9
Stealth        | 3 |  3.6
Dodging        | 2 |  2.1
Spellcasting   | |  2.8

Action                   |  1- 3 |  4- 6 |  7- 9 || total
-------------------------+-------+-------+-------++-------
Melee: Club              |    16 |       |       ||    16
       Mace              |    17 |    50 |    15 ||    82
 Cast: Magic Dart        |    34 |     2 |       ||    36
       Searing Ray       |     8 |    22 |     4 ||    34
  Use: Scroll            |     1 |     1 |       ||     2
 Stab: Sleeping          |     1 |     2 |       ||     3
Armor: Robe              |    15 |    26 |       ||    41
       Skin              |       |       |     3 ||     3
Dodge: Dodged            |    32 |    40 |    16 ||    88

Table legend: (Time is in decaauts)
 A = Elapsed time spent in this place.
 B = Non-inter-level travel time spent in this place.
 C = Inter-level travel time spent in this place.
 D = Time resting spent in this place.
 E = Time spent auto-exploring this place.
 F = Levels seen in this place.
 G = Mean time per level.
                   A        B        C        D        E       F      G
               +--------+--------+--------+--------+--------+-----+--------+
         Total |   3360 |   3360 |      0 |      0 |      0 |   5 |  672.0 |
       Dungeon |   3178 |   3178 |      0 |      0 |      0 |   4 |  794.5 |
        Temple |    181 |    181 |      0 |      0 |      0 |   1 |  181.0 |
               +--------+--------+--------+--------+--------+-----+--------+

Top non-repeatable levels by time:
     D:2: 1120 daAuts
     D:1: 828 daAuts
     D:5: 759 daAuts
     D:3: 471 daAuts
  Temple: 181 daAuts
